 Dungeon Sprint DCSS version 0.31-a0-879-g1609e0ac53 (webtiles) character file.

Game seed: 3059379502268552860

2999 rocky1 the Fencer (level 10, 0/81 HPs)
             Began as a Djinni Gladiator on Oct 15, 2023.
             Was an Initiate of Gozag.
             Slain by a death drake (5 damage)
             ... in the Dungeon (Sprint II: "The Violet Keep of Menkaure").
             The game lasted 00:08:53 (1422 turns).

rocky1 the Fencer (Djinni Gladiator)                Turns: 1422, Time: 00:08:53

Health: 0/81       AC:  8    Str: 19    XL:     10   Next: 9%
Gold:   946        EV: 19    Int:  7    God:    Gozag SH:  0 Dex: 20

rFire   + + .        a - +0 long sword
rCold   . . .        (no shield)
rNeg    + . .        w - +3 leather armour {rN+}
rPois   ∞            c - +0 helmet
rElec   .            (no cloak)
rCorr   .            (no gloves)
SInv    .            (boots unavailable)
Will    +....        (no amulet)
Stlth   ++           m - ring of protection from cold
HPRegen 0.33/turn    q - +6 ring of strength
MPRegen 0.00/turn

%: no teleportation, clarity, infuse magic (-1 HP)
@: flying
A: sickness immunity, fire resistance 2, cold vulnerability 1, float, innate
caster, HP casting, extra vitality 1, clarity, deterioration 1, dopey 1, shaggy
fur 1, subdued magic 1
a: Renounce Religion, Potion Petition, Call Merchant, Bribe Branch


You were in the Dungeon.
You worshipped Gozag.
Gozag was pleased with you.
You visited 1 branch You collected 2381 gold pieces.
You spent 1435 gold pieces at shops.

Inventory:

Hand Weapons
 a - a +0 long sword (weapon)
Missiles
 e - a javelin
 t - 3 poisoned darts
 B - 5 boomerangs
Armour
 c - a +0 helmet (worn)
 w - a +3 leather armour of positive energy (worn)
Jewellery
 m - a ring of protection from cold (left hand)
 q - a +6 ring of strength (right hand)
 E - a +5 ring of evasion
Scrolls
 d - 2 scrolls of enchant weapon
 h - 6 scrolls of identify
 i - a scroll of fog
 j - 2 scrolls of blinking
 k - a scroll of butterflies
 l - 5 scrolls of immolation
 y - a scroll of poison
 z - a scroll of vulnerability
 A - a scroll of enchant armour
 F - a scroll of fear
Potions
 b - 3 potions of magic
 f - 5 potions of curing
 g - 3 potions of heal wounds
 n - 2 potions of lignification
 o - 4 potions of enlightenment
 p - a potion of haste
 r - 2 potions of mutation
 s - a potion of might
 u - 2 potions of cancellation
 v - a potion of invisibility
 x - 3 potions of attraction
 C - a potion of berserk rage
 D - 3 potions of resistance


   Skills:
 * Level 10.3 Fighting
 * Level 15.0 Long Blades
 - Level 3.0 Throwing
 + Level 5.1 Armour
 + Level 11.2 Dodging
 - Level 0.9 Stealth


You knew the following spells:

 Your Spells              Type           Power      Damage    Failure   Level
a - Foxfire               Conj/Fire      0%         2x1d4     43%         1
b - Blink                 Tloc           0%         N/A       58%         2
c - Ensorcelled Hibernat  Hex/Ice        0%         N/A       58%         2
d - Cause Fear            Hex            0%         N/A       99%         4
Your spell library was empty.

Dungeon Overview and Level Annotations

Branches:
Dungeon (1/1)

Altars:
Cheibriados
Dithmenos
Elyvilon
Fedhas
Gozag
Hepliaklqana
Makhleb
Nemelex Xobeh
Okawaru
Qazlal
Ru
Trog
Uskayaw
Wu Jian
Xom
Yredelemnul
Zin
The Shining One
Jiyva
Lugonu

Shops:
D [=:(:=(!!!([[=

Annotations:
D exclusions: ice statue, obsidian statue and oklob plant, Roxanne


Innate Abilities, Weirdness & Mutations

You are immune to sickness and miasma.
You are immune to poison.
Your flesh is very heat resistant. (rF++)
You are vulnerable to cold. (rC-)
You float through the air rather than walking.
You learn spells naturally, not from books.
Your magical power is your life essence.
You have superior vitality. (+4 MHP)
You possess an exceptional clarity of mind.
Your body sometimes deteriorates upon taking damage.
You are dopey. (Int -2)
You are covered in fur. (AC +1)
Your spells are a little easier to cast, but a little less powerful.


Message History

The death drake bites you but does no damage.
You hit the death drake but do no damage.
The death drake is heavily wounded.
The swamp drake closely misses you.
You slash the death drake! You punch the death drake.
The death drake is severely wounded.
The death drake barely misses you.
You hit the death drake.
The death drake is severely wounded.
The death drake bites you but does no damage.
The swamp drake misses you.
You hit the death drake.
The death drake is severely wounded.
The death drake is distracted by your dazzling golden aura.
The swamp drake bites you but does no damage.
The death drake hisses angrily.
You miss the death drake.
The death drake is no longer distracted by gold.
The death drake is severely wounded.
The death drake bites you.
* * * LOW HITPOINT WARNING * * *
You hit the death drake but do no damage.
The death drake is severely wounded.
The swamp drake misses you. The death drake closely misses you.
You closely miss the death drake.
You punch the death drake, but do no damage.
The death drake is severely wounded.
The death drake misses you. The swamp drake bites you.
* * * LOW HITPOINT WARNING * * *
You slash the death drake!
The death drake is almost dead.
The death drake misses you. The swamp drake barely misses you.
You closely miss the death drake.
The death drake is almost dead.
The death drake closely misses you.
You completely miss the death drake.
The death drake is almost dead.
The swamp drake misses you. The death drake bites you.
You die...
Your body crumbles into a pile of gold.

~.##+##..# #. .#%○▓...).)..▓
~##...##.#### +.##.#:}▓......:.▓
~#..#).#....# #...####▓.....):.▓
###...####..## #..# .#▓.......:▓
.###'###.##..# +..# .#▓.:)....[▓
..##.##.#.#..# #^k# .#▓.)...).)▓
##'.<.'.##'..####..##.#▓(?.(....▓
..##.##..##....###.^.##▓▓▓▓▓▓▓'▓▓
.###'###.##.....@k~~~~~~~~~~~~...
####..####~~....$k#'########§###.
~#.##..#~~~~§~~..§#.._.....#§~~##
~##.#.##~~~~~§~~§~#._._....#§~§§#
~~##'##~~~≈§§§~§~~#_._._...#~§~~≈
#~~~~~~~~~~§§§≈~)~#._._._..#§§~§≈
#+++#+++#~§§≈§≈≈≈~#_._._._.#§~~§~
..... ##≈§≈###≈§#._._._._#~~~§≈
.........##≈≈#!#§≈#_._._._.#§~≈≈≈


You could see a death drake and a swamp drake.

Vanquished Creatures
  A death drake (D)
  A merfolk siren (D)
  A yaktaur (D)
  3 polar bears (D)
  A hornet (D)
  4 neqoxecs (D)
  A vampire mosquito (D)
  Menkaure (D)
  4 water moccasins (D)
  4 scorpions (D)
  3 worms (D)
24 creatures vanquished.

Vanquished Creatures (others)
  16 tentacles (D)
16 creatures vanquished.

Grand Total: 40 creatures vanquished

Notes
Turn   | Place    | Note
-------+----------+-------------------------------------------
     0 | D        | rocky1 the Djinni Gladiator began the quest for the Orb.
     0 | D        | Reached XP level 1. HP: 18/18 MP: 0/0
     1 | D        | Noticed a neqoxec
     1 | D        | Noticed a neqoxec
     1 | D        | Noticed a neqoxec
     1 | D        | Noticed a neqoxec
     5 | D        | Gained mutation: Your body sometimes deteriorates upon
                  | taking damage. [a neqoxec]
    11 | D        | Killed a neqoxec
    12 | D        | Reached skill level 6 in Long Blades
    12 | D        | Reached XP level 2. HP: 25/25 MP: 0/0
    12 | D        | Reached XP level 3. HP: 30/30 MP: 0/0
    12 | D        | Learned a level 1 spell: Foxfire
    12 | D        | Reached XP level 4. HP: 36/36 MP: 0/0
    12 | D        | Reached XP level 5. HP: 40/40 MP: 0/0
    12 | D        | Learned a level 2 spell: Blink
    15 | D        | Gained mutation: Your spells are a little easier to cast,
                  | but a little less powerful. [a neqoxec]
    16 | D        | Gained mutation: You are covered in fur. (AC +1) [a
                  | neqoxec]
    20 | D        | Killed a neqoxec
    21 | D        | Reached skill level 8 in Long Blades
    21 | D        | Reached XP level 6. HP: 48/48 MP: 0/0
    27 | D        | Gained mutation: You are dopey. (Int -2) [a neqoxec]
    33 | D        | Killed a neqoxec
    34 | D        | Reached skill level 5 in Fighting
    34 | D        | Reached skill level 9 in Long Blades
    34 | D        | Reached skill level 1 in Armour
    34 | D        | Reached XP level 7. HP: 47/54 MP: 0/0
    34 | D        | Learned a level 2 spell: Ensorcelled Hibernation
    35 | D        | Gained mutation: You possess an exceptional clarity of
                  | mind. [a neqoxec]
    39 | D        | Killed a neqoxec
    40 | D        | Reached skill level 10 in Long Blades
    50 | D        | Noticed a water moccasin
    53 | D        | Found a stormy altar of Qazlal.
    53 | D        | Found an ornate altar of the Wu Jian Council.
    60 | D        | Killed a water moccasin
    61 | D        | Found a hazy altar of Hepliaklqana.
    61 | D        | Found a sacrificial altar of Ru.
    61 | D        | Found a shimmering altar of Xom.
    62 | D        | Found a viscous altar of Jiyva.
    63 | D        | Found a snail-covered altar of Cheibriados.
    63 | D        | Found a bloodstained altar of Trog.
    64 | D        | Found a shadowy altar of Dithmenos.
    64 | D        | Found a corrupted altar of Lugonu.
    65 | D        | Found a white marble altar of Elyvilon.
    65 | D        | Found a burning altar of Makhleb.
    66 | D        | Found a blossoming altar of Fedhas.
    68 | D        | Found an opulent altar of Gozag.
    68 | D        | Found a glowing golden altar of the Shining One.
    68 | D        | Found a basalt altar of Yredelemnul.
    68 | D        | Found a hide-covered altar of Uskayaw.
    68 | D        | Found a sparkling altar of Nemelex Xobeh.
    69 | D        | Found a glowing silver altar of Zin.
    69 | D        | Found an iron altar of Okawaru.
    72 | D        | Noticed a water moccasin
    73 | D        | Noticed a water moccasin
    76 | D        | Noticed a flying skull
    76 | D        | Noticed a flying skull
    77 | D        | Became a worshipper of Gozag Ym Sagoz the Greedy
    78 | D        | Noticed a water moccasin
   108 | D        | Reached skill level 11 in Long Blades
   112 | D        | Reached XP level 8. HP: 59/61 MP: 0/0
   125 | D        | Reached skill level 10 in Dodging
   131 | D        | Found Ekutef's Antique Armour Shoppe.
   131 | D        | Found Wuetiru's Weapon Emporium.
   131 | D        | Found Plog's Antique Armour Emporium.
   131 | D        | Found Umasteug's Distillery.
   131 | D        | Found Ytaudwiodgh's Distillery.
   132 | D        | Found Naucoveh's Distillery.
   132 | D        | Found Zudaem's Antique Weapon Emporium.
   133 | D        | Found Atiat's Magic Scroll Shoppe.
   133 | D        | Found Qutuk's Jewellery Emporium.
   134 | D        | Found Ypodism's Jewellery Emporium.
   134 | D        | Noticed Menkaure
   136 | D        | Noticed a hell hog
   138 | D        | Killed Menkaure
   139 | D        | Reached skill level 12 in Long Blades
   144 | D        | Noticed a hell hog
   295 | D        | Noticed an obsidian statue
   335 | D        | Noticed a merfolk siren
   350 | D        | Killed a merfolk siren
   351 | D        | Reached skill level 13 in Long Blades
   351 | D        | Reached XP level 9. HP: 70/70 MP: 0/0
   351 | D        | Learned a level 4 spell: Cause Fear
   367 | D        | Found Rigum's Book Shoppe.
   367 | D        | Found Dokkeeso's Antique Weapon Emporium.
   367 | D        | Noticed an oklob plant
   368 | D        | Found Ejumogo's Jewellery Shoppe.
   368 | D        | Found Ojoej's Antique Armour Emporium.
   368 | D        | Found Loawo's Book Shoppe.
   381 | D        | Noticed a polar bear
   382 | D        | Noticed a polar bear
   392 | D        | Bought a scroll of enchant weapon for 105 gold pieces
   392 | D        | Bought a scroll of identify for 28 gold pieces
   392 | D        | Bought a scroll of identify for 28 gold pieces
   392 | D        | Bought a scroll of identify for 28 gold pieces
   392 | D        | Bought a scroll of identify for 28 gold pieces
   392 | D        | Bought a scroll of fog for 56 gold pieces
   392 | D        | Bought a scroll of amnesia for 56 gold pieces
   392 | D        | Bought a scroll of immolation for 56 gold pieces
   396 | D        | Bought a ring of protection from cold for 325 gold pieces
   399 | D        | Bought a potion of curing for 33 gold pieces
   399 | D        | Bought a potion of lignification for 33 gold pieces
   401 | D        | Bought a potion of enlightenment for 55 gold pieces
   401 | D        | Bought a potion of heal wounds for 55 gold pieces
   401 | D        | Bought a potion of curing for 33 gold pieces
   401 | D        | Bought a potion of haste for 110 gold pieces
   401 | D        | Bought a potion of curing for 33 gold pieces
   401 | D        | Bought a potion of attraction for 33 gold pieces
   403 | D        | Bought a potion of heal wounds for 50 gold pieces
   403 | D        | Bought a potion of mutation for 80 gold pieces
   403 | D        | Bought a potion of might for 40 gold pieces
   403 | D        | Bought a potion of degeneration for 10 gold pieces
   403 | D        | Bought a potion of cancellation for 80 gold pieces
   403 | D        | Bought a potion of invisibility for 80 gold pieces
   454 | D        | Noticed Roxanne
   486 | D        | Noticed a polar bear
   489 | D        | Noticed a polar bear
   490 | D        | Noticed a polar bear
   491 | D        | Noticed a hornet
   493 | D        | Noticed a yaktaur
   507 | D        | Killed a yaktaur
   514 | D        | Killed a polar bear
   525 | D        | Killed a polar bear
   526 | D        | Reached skill level 14 in Long Blades
   688 | D        | Killed a hornet
   883 | D        | Killed a polar bear
   900 | D        | Noticed a kraken
  1335 | D        | Noticed an ice statue
  1363 | D        | Noticed a death drake
  1364 | D        | Noticed a death drake
  1401 | D        | Killed a death drake
  1402 | D        | Reached skill level 10 in Fighting
  1402 | D        | Reached skill level 15 in Long Blades
  1402 | D        | Reached skill level 5 in Armour
  1402 | D        | Reached XP level 10. HP: 35/81 MP: 0/0
  1422 | D        | Slain by a death drake

Illustrated notes

Levels and vault maps discovered:
D:        the_violet_keep_of_menkaure [sprint2_stairs_cluster_1,
          sprint2_shoproom, sprint2_temple, sprint2_basic_supplies,
          sprint2_obstacle_3, sprint2_obstacle_6, sprint2_obstacle_2,
          sprint2_obstacle_7, sprint2_obstacle_4, sprint2_timed_cluster_1,
          sprint2_smallroom_cluster_1, sprint2_smallroom_final_cluster_1,
          sprint2_transparent_cluster_1, sprint2_second_timed_cluster_1,
          sprint2_sniper_area_1, sprint2_heavy_combat_area_1,
          sprint2_mutation_trap_area_1, sprint2_forest_area_1,
          sprint2_light_combat_area_1, sprint2_behind_water_1,
          sprint2_near_end_vault_1]

Skill      XL: |  1  2  3  4  5  6  7  8  9 |
---------------+----------------------------+-----
Fighting       | 3 4 5 6 7 10 | 10.3
Long Blades    | 6 8 9 11 13 15 | 15.0
Throwing       | 3 |  3.0
Dodging        | 7 8 9 10 11 | 11.2
Armour         | 1 3 5 |  5.1
Stealth        | |  0.9

Action                     |  1- 3 |  4- 6 |  7- 9 | 10-12 || total
---------------------------+-------+-------+-------+-------++-------
  Melee: Long sword        |     6 |    20 |   191 |    21 ||   238
         Punch             |       |       |     3 |     3 ||     6
  Throw: Throwing net      |     2 |       |     1 |       ||     3
    Use: Potion            |     2 |       |     1 |       ||     3
         Scroll            |       |       |     7 |       ||     7
   Stab: Held in net/web   |     1 |       |     1 |       ||     2
         Sleeping          |       |       |     2 |       ||     2
         Distracted        |       |       |     1 |       ||     1
 Armour: Leather armour    |       |     3 |   101 |    13 ||   117
  Dodge: Dodged            |       |    10 |   167 |    19 ||   196

Table legend: (Time is in decaauts)
 A = Elapsed time spent in this place.
 B = Non-inter-level travel time spent in this place.
 C = Inter-level travel time spent in this place.
 D = Time resting spent in this place.
 E = Time spent auto-exploring this place.
 F = Levels seen in this place.
 G = Mean time per level.
                   A        B        C        D        E       F      G
               +--------+--------+--------+--------+--------+-----+--------+
         Total |   1362 |   1343 |     19 |    543 |      0 |   1 | 1362.0 |
       Dungeon |   1362 |   1343 |     19 |    543 |      0 |   1 | 1362.0 |
               +--------+--------+--------+--------+--------+-----+--------+

Top non-repeatable levels by time:
       D: 1362 daAuts
